 Dungeon Crawl Stone Soup version 0.31-a0-4-gefa6de2278 (webtiles) character file.

Game seed: 14038023833924608821

776 sircluck the Chopper (level 7, -1/58 (61) HPs)
             Began as a Hill Orc Fighter on May 4, 2023.
             Slain by a wight
             ... wielding a +5 war axe
              (8 damage)
             ... on level 6 of the Dungeon.
             The game lasted 00:07:07 (4495 turns).

sircluck the Chopper (Hill Orc Fighter)             Turns: 4495, Time: 00:07:07

HP:   -1/58 (61)    AC:  8    Str: 21    XL:     7   Next: 84%
MP:   7/7           EV: 10    Int:  8    God:
Gold: 186           SH:  4    Dex: 10    Spells: 6/6 levels left

rFire   . . .        a - +0 war axe
rCold   . . .        c - +0 buckler
rNeg    . . .        b - +0 scale mail
rPois   .            (no helmet)
rElec   .            f - +0 cloak
rCorr   .            (no gloves)
SInv    .            (no boots)
Will    .....        (no amulet) Stlth
                     (no ring)
HPRegen 0.29/turn    (no ring)
MPRegen 0.10/turn

%: no passive effects
@: lightly drained
A: no striking features
a: no special abilities


You were on level 6 of the Dungeon.
You visited 1 branch of the dungeon, and saw 5 of its levels.

You collected 186 gold pieces.

Inventory:

Hand Weapons
 a - a +0 war axe (weapon)
Missiles
 h - 66 stones (quivered)
 x - 18 poisoned darts
 D - 6 boomerangs
Armour
 b - a +0 scale mail (worn)
 c - a +0 buckler (worn)
 f - a +0 cloak (worn)
Jewellery
 s - an amulet of regeneration
 w - a ring of protection from cold
Scrolls
 e - a scroll of poison {unknown}
 g - a scroll of magic mapping {unknown}
 l - 3 scrolls of blinking {unknown}
 m - 3 scrolls of fear {unknown}
 n - a scroll of enchant weapon {unknown}
 o - 2 scrolls of amnesia {unknown}
 p - a scroll of noise {unknown}
 q - 2 scrolls of enchant armour {unknown}
 r - a scroll of torment {unknown}
 t - a scroll of teleportation {unknown}
 y - 3 scrolls of identify {unknown}
 E - a scroll of fog {unknown}
 F - a scroll of vulnerability {unknown}
Potions
 d - 4 potions of might
 i - 3 potions of mutation {unknown}
 j - 4 potions of attraction {unknown}
 k - 6 potions of curing {unknown}
 u - a potion of invisibility {unknown}
 v - 2 potions of resistance {unknown}
 z - a potion of haste {unknown}
 A - 2 potions of cancellation {unknown}
 B - a potion of flight {unknown}
 C - a potion of brilliance {unknown}


   Skills:
 + Level 5.5 Fighting
 + Level 7.5 Axes
 + Level 5.5 Armour
 + Level 1.8 Dodging
 + Level 0.1 Stealth
 + Level 4.3 Shields


You had 6 spell levels left.
You didn't know any spells.
Your spell library contained the following spells:

 Spells                   Type           Power      Damage    Failure   Level
 Static Discharge         Conj/Air       0%         2-2/arc   90%         2
 Airstrike                Air            0%         2d(0-16)  100%        4
 Summon Lightning Spire   Summ/Air       0%         N/A       100%        4


Dungeon Overview and Level Annotations

Branches:
Dungeon (4/15)
 Temple: D:4-7

Altars:
Kikubaaqudgha
Sif Muna
Trog


Message History

You hit the wight but do no damage. The wight barely misses you.
The wight hits you with a +5 scimitar!
You feel drained.
You barely miss the wight.
The wight is severely damaged.
You hit the wight. The wight hits you with a +0 hand axe.
The wight hits you with a +5 scimitar!
You feel drained.
You hit the wight but do no damage.
The wight is severely damaged.
You hit the wight. The wight hits you with a +0 hand axe!
You feel drained. The wight hits you with a +5 scimitar!
* * * LOW HITPOINT WARNING * * *
You feel drained.
* * * LOW HITPOINT WARNING * * *
The wight hits you but does no damage. The wight attacks as you move away!
The wight hits you with a +0 hand axe.
* * * LOW HITPOINT WARNING * * *
You feel drained.
* * * LOW HITPOINT WARNING * * *
You completely miss the wight.
The wight is heavily damaged.
You slash the wight!
You destroy the wight!
A wight comes into view. It is wielding a +5 war axe.
The wight barely misses you.
You closely miss the wight.
The wight is heavily damaged.
The wight barely misses you.
You slash the wight!
You destroy the wight!
There is a stone staircase leading up here.
You slash the wight!
The wight is almost destroyed.
The wight hits you but does no damage. The wight closely misses you.
You hit the wight but do no damage.
The wight is almost destroyed.
You block the wight's attack.
You closely miss the wight.
The wight is almost destroyed.
The wight hits you with a +5 war axe!
You die...

######.#..##.#
#.......#.#
###.......#
#...##### #...#
#...#######
#####.........#
#.......#####.#
#+###......z@.##
#..........#
#..........#
#..........#
#...######.#
#...## .#
##....# #.
#..)).# #.
#...).#


You could see a wight.

Vanquished Creatures
  A gnoll sergeant (D:4)
  A scorpion (D:4)
  4 wights (D:6)
  An orc priest (D:4)
  2 orc wizards (D:4)
  Jessica (D:2)
  Natasha (thrice) (D:2)
  11 gnolls (D:4)
  5 adders
  4 worms
  A dart slug (D:2)
  9 orcs (D:4)
  10 endoplasms
  3 giant cockroaches
  10 goblins
  10 hobgoblins
  4 jackals (D:4)
  7 ball pythons
  4 bats
  5 frilled lizards
  12 kobolds
  5 rats
113 creatures vanquished.

Vanquished Creatures (others)
  4 demonic plants (D:1)
  2 fungi (D:1)
  2 plants (D:1)
  3 withered plants (D:1)
11 creatures vanquished.

Grand Total: 124 creatures vanquished

Notes
Turn   | Place    | Note
-------+----------+-------------------------------------------
     0 | D:1      | sircluck the Hill Orc Fighter began the quest for the Orb.
     0 | D:1      | Reached XP level 1. HP: 19/19 MP: 1/1
   193 | D:1      | Reached XP level 2. HP: 18/27 MP: 2/2
   376 | D:1      | Reached skill level 3 in Axes
   555 | D:1      | Reached XP level 3. HP: 27/33 MP: 3/3
   665 | D:1      | Found a faded altar of an unknown god.
  1119 | D:2      | Noticed Jessica
  1126 | D:2      | Killed Jessica
  1127 | D:2      | Reached XP level 4. HP: 33/40 MP: 4/4
  1297 | D:2      | You fall into a shaft and drop 2 floors!
  1539 | D:2      | Reached skill level 4 in Axes
  1611 | D:2      | Noticed Natasha
  1631 | D:2      | Killed Natasha
  1632 | D:2      | Reached XP level 5. HP: 38/47 MP: 5/5
  1689 | D:2      | Noticed Natasha
  1696 | D:2      | Killed Natasha
  1697 | D:2      | Reached skill level 5 in Axes
  1819 | D:2      | You fall into a shaft and drop 1 floor!
  1858 | D:2      | You fall into a shaft and drop 1 floor!
  1911 | D:2      | Noticed Natasha
  1917 | D:2      | Killed Natasha
  2006 | D:2      | You fall into a shaft and drop 1 floor!
  2008 | D:3      | Found an ancient bone altar of Kikubaaqudgha.
  2011 | D:3      | Reached skill level 1 in Dodging
  2282 | D:3      | Found a shimmering blue altar of Sif Muna.
  3035 | D:2      | You fall into a shaft and drop 1 floor!
  3104 | D:2      | You fall into a shaft and drop 2 floors!
  3191 | D:4      | Reached XP level 6. HP: 44/53 MP: 6/6
  3259 | D:4      | Reached skill level 6 in Axes
  3356 | D:2      | You fall into a shaft and drop 1 floor!
  3382 | D:2      | You fall into a shaft and drop 2 floors!
  3657 | D:4      | Found a bloodstained altar of Trog.
  3742 | D:4      | Reached skill level 5 in Fighting
  3747 | D:4      | Reached XP level 7. HP: 22/61 MP: 2/7
  3756 | D:4      | HP: 3/61 [gnoll sergeant/+0 antimagic spear (3)]
  3758 | D:4      | Reached skill level 5 in Armour
  4412 | D:4      | You fall into a shaft and drop 2 floors!
  4455 | D:6      | Reached skill level 7 in Axes
  4495 | D:6      | Slain by a wight

Illustrated notes

Levels and vault maps discovered:
D:1:      matt_arrival_refuge, layout_basic, shapermc_ecumenical_altar_gd,
          minivault_24, minmay_misc_feat_hallway, minmay_split_cup_large
D:2:      layout_basic, nicolae_wormholes, uniq_jessica, uniq_natasha
D:3:      layout_loops_cross, nicolae_kikubaaqudgha_miasma_corner,
          lemuel_blue_sif_altar, supply_closet_lemuel
D:4:      layout_loops_cross, trog_butcher_becter, dk_noncrumbling_2,
          lightli_minifort
D:6:      layout_loops_cross, kennysheep_little_box, mainiacjoe_overflow_paths

Skill      XL: |  1  2  3  4  5  6  7 |
---------------+----------------------+-----
Axes           | 3 4 5 6 7 |  7.5
Fighting       | 4 5 |  5.5
Armour         | 4 5 |  5.5
Dodging        | 1 |  1.8
Shields        | 4 |  4.3
Stealth        | |  0.1

Action                     |  1- 3 |  4- 6 |  7- 9 || total
---------------------------+-------+-------+-------++-------
  Melee: War axe           |    89 |   221 |    62 ||   372
  Throw: Stone             |       |     1 |       ||     1
 Armour: Scale mail        |    41 |   115 |    15 ||   171
  Dodge: Dodged            |    36 |   116 |    22 ||   174
  Block: Buckler           |    13 |    45 |    13 ||    71

Table legend: (Time is in decaauts)
 A = Elapsed time spent in this place.
 B = Non-inter-level travel time spent in this place.
 C = Inter-level travel time spent in this place.
 D = Time resting spent in this place.
 E = Time spent auto-exploring this place.
 F = Levels seen in this place.
 G = Mean time per level.
                   A        B        C        D        E       F      G
               +--------+--------+--------+--------+--------+-----+--------+
         Total |   4611 |   4104 |    507 |    420 |   2678 |   5 |  922.2 |
       Dungeon |   4611 |   4104 |    507 |    420 |   2678 |   5 |  922.2 |
               +--------+--------+--------+--------+--------+-----+--------+

Top non-repeatable levels by time:
     D:4: 1303 daAuts
     D:2: 1211 daAuts
     D:3: 1066 daAuts
     D:1: 944 daAuts
     D:6: 86 daAuts
